[ AOE2 MATCH · #464645049 ]
Team RMBritons vs Italians
[ REPLAY ANALYSIS · EXTRACTED FROM THE RECORDED GAME ]
Feudal
10:49
Castle
14:53
Imperial
33:54
| APM avg | 33.2 |
| APM peak | 68 |
| eAPM avg | 15.5 |
| Villagers / military | 129 / 52 |
Focus
⚔️ 21.2% · 🌾 78.8%
Archer ×47 · Monk ×4 · Mangonel ×1
Feudal
11:17
Castle
15:44
Imperial
29:55
| APM avg | 32.7 |
| APM peak | 64 |
| eAPM avg | 20.1 |
| Villagers / military | 152 / 86 |
Focus
⚔️ 24.3% · 🌾 75.7%
Spearman ×55 · Hand Cannoneer ×21 · Bombard Cannon ×4 · Trebuchet (Packed) ×3 · Archer ×3
Feudal
9:35
Castle
15:50
Imperial
30:20
| APM avg | 20.9 |
| APM peak | 43 |
| eAPM avg | 14.7 |
| Villagers / military | 225 / 89 |
Focus
⚔️ 23.0% · 🌾 77.0%
Knight ×69 · Bombard Cannon ×10 · Teutonic Knight ×6 · Trebuchet (Packed) ×4
Feudal
11:27
Castle
16:56
Imperial
30:27
| APM avg | 22.2 |
| APM peak | 48 |
| eAPM avg | 14.1 |
| Villagers / military | 116 / 120 |
Focus
⚔️ 16.1% · 🌾 83.9%
Scout Cavalry ×71 · Hand Cannoneer ×45 · Bombard Cannon ×4
Feudal
11:38
Castle
15:53
Imperial
—
| APM avg | 22.0 |
| APM peak | 53 |
| eAPM avg | 13.1 |
| Villagers / military | 103 / 81 |
Focus
⚔️ 27.0% · 🌾 73.0%
Cavalry Archer ×56 · Archer ×9 · Skirmisher ×8 · Janissary ×6 · Monk ×1 · Spearman ×1
Feudal
10:49
Castle
14:19
Imperial
26:10
| APM avg | 41.8 |
| APM peak | 88 |
| eAPM avg | 23.0 |
| Villagers / military | 131 / 13 |
Focus
⚔️ 31.1% · 🌾 68.9%
Unknown (882) ×87 · Trebuchet (Packed) ×8 · Spearman ×4 · Monk ×1
Match map
Initial resources + every placement click. Lines = walls · curves = elevation contours. ◆ gold · ⬟ stone · ● berries · ✦ relic · ◌ wall gap
Your base· ✓ Closed at 14:53 · 0t walls · 3 gate(s)
A. Government's base· ✓ Closed at 15:44 · 0t walls · 3 gate(s)
Huge.Master's base· ✓ Closed at 15:50 · 0t walls · 2 gate(s)
EL CONDOR PASA MODO GOTY's base· ✓ Closed at 16:56 · 0t walls · 3 gate(s)
betaxy's base· ✓ Closed at 15:53 · 0t walls · 2 gate(s)
enano sin telar's base· ✓ Closed at 14:19 · 0t walls · 3 gate(s)
Smoothed initial terrain · ◌ = detected wall gap · hover for details
Inputs per minute
— realzer0 - - A. Government
Build order — realzer0
First 150 of 290 actions detected
| 0:02 | Build | House |
| 0:03 | Build | House |
| 0:05 | Create | Villager (Male) |
| 0:05 | Create | Villager (Male) |
| 0:05 | Create | Villager (Male) |
| 0:06 | Create | Villager (Male) |
| 1:25 | Create | Villager (Male) |
| 1:59 | Build | Lumber Camp |
| 2:00 | Create | Villager (Male) |
| 2:00 | Create | Villager (Male) |
| 2:23 | Create | Villager (Male) |
| 2:23 | Create | Villager (Male) |
| 2:48 | Build | House |
| 3:33 | Create | Villager (Male) |
| 3:33 | Create | Villager (Male) |
| 3:34 | Create | Villager (Male) |
| 3:36 | Create | Villager (Male) |
| 3:37 | Create | Villager (Male) |
| 4:02 | Create | Villager (Male) |
| 4:02 | Create | Villager (Male) |
| 4:18 | Create | Villager (Male) |
| 4:54 | Create | Villager (Male) |
| 5:11 | Build | Mill |
| 6:09 | Create | Villager (Male) |
| 6:11 | Create | Villager (Male) |
| 6:11 | Create | Villager (Male) |
| 6:20 | Build | House |
| 6:39 | Create | Villager (Male) |
| 7:04 | Create | Villager (Male) |
| 7:24 | Create | Villager (Male) |
| 8:12 | Research | Feudal Age |
| 8:27 | Build | Mining Camp |
| 8:51 | Build | House |
| 8:59 | Create | Villager (Male) |
| 8:59 | Create | Villager (Male) |
| 9:41 | Build | House |
| 10:49 | Age | Feudal Age |
| 10:55 | Build | Market |
| 11:04 | Build | Blacksmith |
| 12:13 | Research | Castle Age |
| 12:35 | Build | Farm |
| 12:39 | Build | Farm |
| 12:42 | Build | Farm |
| 13:09 | Research | Double-Bit Axe |
| 13:09 | Research | Double-Bit Axe |
| 13:14 | Build | House |
| 13:16 | Build | House |
| 13:36 | Build | Farm |
| 13:36 | Build | Farm |
| 14:02 | Build | House |
| 14:05 | Build | House |
| 14:07 | Build | House |
| 14:12 | Create | Villager (Male) |
| 14:12 | Create | Villager (Male) |
| 14:21 | Build | Farm |
| 14:28 | Build | Farm |
| 14:53 | Age | Castle Age |
| 14:58 | Build | Town Center |
| 15:08 | Build | Town Center |
| 15:44 | Create | Villager (Male) |
| 15:44 | Create | Villager (Male) |
| 16:22 | Build | Monastery |
| 16:34 | Build | Town Center |
| 16:38 | Create | Villager (Male) |
| 16:39 | Create | Villager (Male) |
| 16:39 | Create | Villager (Male) |
| 16:43 | Build | Farm |
| 16:43 | Build | Farm |
| 16:44 | Build | Farm |
| 16:50 | Research | Horse Collar |
| 16:59 | Build | Farm |
| 16:59 | Build | Farm |
| 16:59 | Build | Farm |
| 17:29 | Create | Monk |
| 17:34 | Build | Mining Camp |
| 17:35 | Create | Villager (Male) |
| 17:35 | Create | Villager (Male) |
| 17:44 | Build | Farm |
| 17:45 | Build | Farm |
| 17:45 | Build | Farm |
| 17:45 | Build | Farm |
| 18:01 | Create | Villager (Male) |
| 18:05 | Create | Villager (Male) |
| 18:35 | Build | Farm |
| 19:03 | Create | Monk |
| 19:07 | Create | Villager (Male) |
| 19:07 | Create | Villager (Male) |
| 19:09 | Create | Villager (Male) |
| 19:09 | Create | Villager (Male) |
| 19:11 | Create | Villager (Male) |
| 19:11 | Create | Villager (Male) |
| 19:12 | Create | Villager (Male) |
| 19:27 | Build | House |
| 19:30 | Build | House |
| 19:32 | Build | House |
| 19:34 | Create | Villager (Male) |
| 19:34 | Create | Villager (Male) |
| 19:50 | Create | Villager (Male) |
| 19:51 | Create | Villager (Male) |
| 19:51 | Create | Villager (Male) |
| 20:11 | Create | Villager (Male) |
| 20:12 | Create | Villager (Male) |
| 20:17 | Build | Farm |
| 20:17 | Build | Farm |
| 20:18 | Build | Farm |
| 20:18 | Build | Farm |
| 20:44 | Create | Monk |
| 20:49 | Build | Farm |
| 20:50 | Create | Villager (Male) |
| 20:50 | Create | Villager (Male) |
| 20:54 | Build | Farm |
| 20:55 | Build | Farm |
| 20:55 | Build | Farm |
| 20:55 | Build | Farm |
| 20:55 | Build | Farm |
| 20:55 | Build | Farm |
| 21:00 | Research | Heavy Plow |
| 21:05 | Create | Villager (Male) |
| 21:15 | Create | Villager (Male) |
| 21:16 | Create | Villager (Male) |
| 21:17 | Create | Villager (Male) |
| 21:17 | Create | Villager (Male) |
| 21:23 | Build | Farm |
| 21:53 | Build | Farm |
| 21:55 | Create | Villager (Male) |
| 21:56 | Create | Villager (Male) |
| 21:58 | Create | Villager (Male) |
| 21:59 | Create | Villager (Male) |
| 22:00 | Create | Villager (Male) |
| 22:35 | Build | Barracks |
| 22:37 | Create | Villager (Male) |
| 22:37 | Create | Villager (Male) |
| 22:44 | Build | Farm |
| 22:45 | Create | Villager (Male) |
| 23:15 | Build | Farm |
| 23:16 | Create | Villager (Male) |
| 23:16 | Create | Villager (Male) |
| 23:16 | Create | Villager (Male) |
| 23:17 | Create | Villager (Male) |
| 23:18 | Create | Villager (Male) |
| 23:18 | Create | Villager (Male) |
| 23:19 | Create | Villager (Male) |
| 23:20 | Create | Villager (Male) |
| 23:20 | Create | Villager (Male) |
| 23:20 | Create | Villager (Male) |
| 23:26 | Build | Farm |
| 23:31 | Research | Fletching |
| 23:40 | Build | Archery Range |
| 23:43 | Create | Villager (Male) |
| 23:44 | Create | Villager (Male) |
Build order — A. Government
First 150 of 424 actions detected
| 0:00 | Create | Villager (Male) |
| 0:01 | Create | Villager (Male) |
| 0:04 | Build | House |
| 0:08 | Build | House |
| 0:23 | Create | Villager (Male) |
| 0:23 | Create | Villager (Male) |
| 0:23 | Create | Villager (Male) |
| 1:34 | Create | Villager (Male) |
| 1:34 | Create | Villager (Male) |
| 1:58 | Create | Villager (Male) |
| 1:58 | Create | Villager (Male) |
| 2:04 | Build | Lumber Camp |
| 2:22 | Create | Villager (Male) |
| 2:22 | Create | Villager (Male) |
| 3:12 | Create | Villager (Male) |
| 3:12 | Create | Villager (Male) |
| 3:30 | Create | Villager (Male) |
| 3:30 | Create | Villager (Male) |
| 3:54 | Build | Mill |
| 4:12 | Create | Villager (Male) |
| 4:13 | Create | Villager (Male) |
| 4:33 | Create | Villager (Male) |
| 4:33 | Create | Villager (Male) |
| 4:37 | Build | House |
| 5:12 | Create | Villager (Male) |
| 5:13 | Create | Villager (Male) |
| 5:51 | Build | House |
| 5:56 | Create | Villager (Male) |
| 5:57 | Create | Villager (Male) |
| 6:20 | Build | Lumber Camp |
| 6:27 | Create | Villager (Male) |
| 6:56 | Create | Villager (Male) |
| 6:57 | Create | Villager (Male) |
| 6:57 | Create | Villager (Male) |
| 7:16 | Create | Villager (Male) |
| 7:44 | Create | Villager (Male) |
| 8:25 | Build | Mining Camp |
| 8:53 | Research | Feudal Age |
| 9:37 | Create | Villager (Male) |
| 9:38 | Create | Villager (Male) |
| 10:33 | Build | House |
| 11:17 | Age | Feudal Age |
| 11:19 | Build | Blacksmith |
| 11:25 | Build | Market |
| 11:32 | Build | House |
| 11:50 | Build | Mining Camp |
| 11:53 | Create | Villager (Male) |
| 12:29 | Research | Loom |
| 13:04 | Research | Castle Age |
| 13:07 | Build | House |
| 13:56 | Research | Double-Bit Axe |
| 14:02 | Research | Horse Collar |
| 14:05 | Build | House |
| 14:17 | Build | Farm |
| 14:17 | Build | Farm |
| 14:17 | Build | Farm |
| 14:18 | Build | Farm |
| 14:18 | Build | Farm |
| 14:18 | Build | Farm |
| 14:19 | Build | Farm |
| 14:20 | Build | Farm |
| 14:37 | Create | Villager (Male) |
| 14:52 | Build | House |
| 15:25 | Build | House |
| 15:30 | Research | Double-Bit Axe |
| 15:30 | Research | Double-Bit Axe |
| 15:44 | Age | Castle Age |
| 15:49 | Create | Villager (Male) |
| 16:10 | Build | Town Center |
| 16:16 | Create | Villager (Male) |
| 16:18 | Build | Farm |
| 16:21 | Build | House |
| 16:38 | Build | Farm |
| 16:44 | Build | House |
| 16:46 | Create | Villager (Male) |
| 16:56 | Create | Villager (Male) |
| 16:56 | Create | Villager (Male) |
| 17:07 | Build | Farm |
| 17:12 | Create | Villager (Male) |
| 17:21 | Build | House |
| 17:27 | Build | Farm |
| 17:32 | Create | Villager (Male) |
| 17:42 | Create | Villager (Male) |
| 17:54 | Build | House |
| 17:56 | Create | Villager (Male) |
| 18:00 | Build | Farm |
| 18:03 | Create | Villager (Male) |
| 18:16 | Create | Villager (Male) |
| 18:25 | Build | Farm |
| 18:36 | Build | Town Center |
| 18:39 | Create | Villager (Male) |
| 18:45 | Build | Farm |
| 18:49 | Create | Villager (Male) |
| 18:50 | Create | Villager (Male) |
| 18:54 | Build | House |
| 19:00 | Research | Heavy Plow |
| 19:09 | Build | Farm |
| 19:11 | Create | Villager (Male) |
| 19:16 | Create | Villager (Male) |
| 19:17 | Create | Villager (Male) |
| 19:26 | Build | House |
| 19:31 | Create | Villager (Male) |
| 19:35 | Build | Farm |
| 19:38 | Create | Villager (Male) |
| 19:51 | Create | Villager (Male) |
| 19:51 | Create | Villager (Male) |
| 20:03 | Build | Farm |
| 20:06 | Create | Villager (Male) |
| 20:18 | Build | Town Center |
| 20:21 | Create | Villager (Male) |
| 20:23 | Create | Villager (Male) |
| 20:28 | Create | Villager (Male) |
| 20:32 | Build | Farm |
| 20:34 | Build | House |
| 20:35 | Build | House |
| 20:40 | Research | Bow Saw |
| 20:48 | Create | Villager (Male) |
| 20:56 | Create | Villager (Male) |
| 20:56 | Create | Villager (Male) |
| 21:01 | Build | Farm |
| 21:02 | Create | Villager (Male) |
| 21:10 | Build | House |
| 21:16 | Build | Barracks |
| 21:17 | Create | Villager (Male) |
| 21:21 | Create | Villager (Male) |
| 21:21 | Create | Villager (Male) |
| 21:31 | Build | Farm |
| 21:32 | Create | Villager (Male) |
| 21:33 | Create | Villager (Male) |
| 21:37 | Create | Villager (Male) |
| 21:47 | Create | Villager (Male) |
| 21:48 | Create | Villager (Male) |
| 21:56 | Create | Villager (Male) |
| 21:56 | Create | Villager (Male) |
| 21:57 | Create | Villager (Male) |
| 22:00 | Build | Farm |
| 22:05 | Create | Villager (Male) |
| 22:08 | Create | Villager (Male) |
| 22:09 | Create | Villager (Male) |
| 22:16 | Build | Farm |
| 22:20 | Create | Villager (Male) |
| 22:25 | Build | House |
| 22:25 | Build | House |
| 22:31 | Create | Villager (Male) |
| 22:32 | Create | Villager (Male) |
| 22:32 | Create | Villager (Male) |
| 22:42 | Create | Villager (Male) |
| 22:44 | Create | Villager (Male) |
| 22:49 | Build | Mill |
| 22:50 | Build | Farm |
Build order — Huge.Master
First 150 of 300 actions detected
| 0:01 | Create | Villager (Male) ×4 |
| 0:03 | Build | House |
| 0:05 | Build | House |
| 0:14 | Research | Loom |
| 1:47 | Create | Villager (Male) |
| 1:47 | Create | Villager (Male) |
| 1:47 | Create | Villager (Male) |
| 2:09 | Create | Villager (Male) |
| 2:28 | Create | Villager (Male) |
| 2:28 | Create | Villager (Male) |
| 2:36 | Build | Lumber Camp |
| 2:41 | Build | House |
| 2:41 | Build | House |
| 2:48 | Create | Villager (Male) |
| 2:48 | Create | Villager (Male) |
| 3:07 | Create | Villager (Male) |
| 3:08 | Create | Villager (Male) |
| 3:39 | Create | Villager (Male) ×2 |
| 4:20 | Create | Villager (Male) |
| 5:35 | Create | Villager (Male) ×4 |
| 6:29 | Build | Mill |
| 7:25 | Research | Feudal Age |
| 7:25 | Research | Feudal Age |
| 8:27 | Create | Villager (Male) ×3 |
| 9:29 | Create | Villager (Male) ×5 |
| 9:35 | Age | Feudal Age |
| 9:39 | Build | Mining Camp |
| 10:41 | Build | Market |
| 10:43 | Build | House |
| 10:54 | Build | Blacksmith |
| 10:57 | Build | House |
| 11:20 | Build | Farm |
| 12:02 | Build | Farm |
| 12:03 | Build | Farm |
| 12:04 | Build | Farm |
| 12:10 | Build | Farm |
| 12:19 | Build | Farm |
| 12:32 | Build | Farm |
| 13:10 | Research | Castle Age |
| 13:10 | Research | Castle Age |
| 13:24 | Build | Farm |
| 13:25 | Build | Farm |
| 13:27 | Build | Farm |
| 13:31 | Build | Farm |
| 13:35 | Build | Farm |
| 13:36 | Build | Farm |
| 13:38 | Build | Farm |
| 13:40 | Build | Farm |
| 13:56 | Build | Farm |
| 14:00 | Build | Farm |
| 14:16 | Build | Farm |
| 14:41 | Research | Double-Bit Axe |
| 15:24 | Create | Villager (Male) ×5 |
| 15:50 | Age | Castle Age |
| 16:02 | Build | Town Center |
| 16:50 | Create | Villager (Male) ×5 |
| 17:04 | Create | Villager (Male) |
| 17:05 | Create | Villager (Male) |
| 17:17 | Create | Villager (Male) |
| 17:37 | Build | Town Center |
| 17:42 | Build | House |
| 17:43 | Build | House |
| 17:45 | Build | House |
| 17:51 | Create | Villager (Male) |
| 17:52 | Create | Villager (Male) |
| 17:53 | Create | Villager (Male) |
| 17:57 | Research | Wheelbarrow |
| 18:01 | Create | Villager (Male) |
| 18:01 | Create | Villager (Male) |
| 18:21 | Create | Villager (Male) |
| 18:23 | Create | Villager (Male) ×5 |
| 18:23 | Create | Villager (Male) ×5 |
| 18:23 | Create | Villager (Male) ×5 |
| 18:38 | Build | Mining Camp |
| 19:04 | Research | Stone Mining |
| 19:06 | Create | Villager (Male) ×3 |
| 19:09 | Build | Farm |
| 19:11 | Build | Farm |
| 19:12 | Build | Farm |
| 19:23 | Build | House |
| 19:24 | Build | House |
| 19:26 | Build | House |
| 19:44 | Create | Villager (Male) ×3 |
| 19:45 | Create | Villager (Male) ×3 |
| 19:51 | Build | Farm |
| 19:52 | Build | Farm |
| 20:01 | Create | Villager (Male) ×2 |
| 20:01 | Create | Villager (Male) ×2 |
| 20:02 | Create | Villager (Male) ×2 |
| 20:16 | Build | Farm |
| 20:17 | Build | Farm |
| 20:19 | Build | Farm |
| 20:21 | Build | Farm |
| 20:26 | Research | Stone Shaft Mining |
| 20:48 | Create | Villager (Male) ×3 |
| 20:50 | Build | House |
| 20:51 | Build | House |
| 20:53 | Build | House |
| 20:54 | Build | House |
| 20:59 | Create | Villager (Male) |
| 21:10 | Build | Mill |
| 21:14 | Build | Farm |
| 21:15 | Build | Farm |
| 21:16 | Build | Farm |
| 21:18 | Create | Villager (Male) ×2 |
| 21:36 | Create | Villager (Male) ×4 |
| 21:37 | Create | Villager (Male) ×4 |
| 21:37 | Create | Villager (Male) ×4 |
| 21:46 | Build | Farm |
| 21:50 | Build | Farm |
| 22:14 | Create | Villager (Male) ×5 |
| 22:43 | Build | Castle |
| 22:52 | Build | Farm |
| 22:57 | Build | House |
| 22:59 | Build | House |
| 23:00 | Build | House |
| 23:01 | Build | House |
| 23:04 | Create | Villager (Male) ×5 |
| 23:14 | Build | Mining Camp |
| 23:19 | Create | Villager (Male) ×5 |
| 23:19 | Create | Villager (Male) ×5 |
| 23:19 | Create | Villager (Male) ×2 |
| 23:20 | Create | Villager (Male) ×2 |
| 23:31 | Build | Farm |
| 23:41 | Build | Farm |
| 24:00 | Create | Villager (Male) ×5 |
| 24:14 | Build | Mining Camp |
| 24:42 | Build | Mining Camp |
| 24:53 | Create | Teutonic Knight |
| 24:58 | Research | Bow Saw |
| 25:00 | Research | Horse Collar |
| 25:03 | Create | Villager (Male) ×5 |
| 25:03 | Create | Villager (Male) ×5 |
| 25:03 | Create | Villager (Male) ×2 |
| 25:04 | Create | Villager (Male) ×2 |
| 25:13 | Build | House |
| 25:13 | Build | House |
| 25:30 | Create | Teutonic Knight |
| 25:57 | Build | Castle |
| 26:01 | Create | Teutonic Knight |
| 26:20 | Create | Villager (Male) ×5 |
| 26:20 | Create | Villager (Male) ×5 |
| 26:24 | Build | Farm |
| 26:26 | Build | Farm |
| 26:27 | Build | Farm |
| 26:28 | Build | Farm |
| 26:30 | Build | Farm |
| 26:59 | Build | Mining Camp |
| 27:10 | Research | Imperial Age |
| 27:24 | Build | House |
Build order — EL CONDOR PASA MODO GOTY
First 150 of 296 actions detected
| 0:01 | Create | Villager (Male) |
| 0:01 | Create | Villager (Male) |
| 0:02 | Create | Villager (Male) |
| 0:02 | Create | Villager (Male) |
| 0:02 | Create | Villager (Male) |
| 0:04 | Build | House |
| 0:05 | Build | House |
| 1:37 | Create | Villager (Male) |
| 1:37 | Create | Villager (Male) |
| 2:05 | Create | Villager (Male) |
| 2:05 | Create | Villager (Male) |
| 2:23 | Create | Villager (Male) |
| 2:24 | Create | Villager (Male) |
| 2:53 | Create | Villager (Male) |
| 2:54 | Create | Villager (Male) |
| 3:13 | Create | Villager (Male) |
| 3:14 | Create | Villager (Male) |
| 3:37 | Build | House |
| 3:38 | Build | House |
| 3:44 | Build | Lumber Camp |
| 3:48 | Create | Villager (Male) |
| 4:03 | Create | Villager (Male) |
| 4:39 | Create | Villager (Male) |
| 4:43 | Build | Mill |
| 5:04 | Create | Villager (Male) |
| 5:04 | Create | Villager (Male) |
| 5:13 | Create | Villager (Male) |
| 5:13 | Create | Villager (Male) |
| 5:43 | Create | Villager (Male) |
| 5:43 | Create | Villager (Male) |
| 5:55 | Create | Villager (Male) |
| 5:55 | Create | Villager (Male) |
| 5:55 | Create | Villager (Male) |
| 6:44 | Create | Villager (Male) |
| 7:21 | Build | House |
| 7:22 | Build | House |
| 7:37 | Create | Villager (Male) |
| 7:57 | Create | Villager (Male) |
| 8:06 | Build | Mining Camp |
| 8:27 | Create | Villager (Male) |
| 8:47 | Create | Villager (Male) |
| 9:01 | Research | Feudal Age |
| 9:07 | Build | Mill |
| 10:06 | Build | Farm |
| 10:06 | Build | Farm |
| 10:06 | Build | Farm |
| 10:06 | Build | Farm |
| 10:10 | Build | Farm |
| 11:27 | Age | Feudal Age |
| 11:30 | Create | Villager (Male) |
| 11:43 | Build | Market |
| 11:45 | Build | Blacksmith |
| 11:56 | Create | Villager (Male) |
| 11:58 | Build | Farm |
| 12:15 | Create | Villager (Male) |
| 12:20 | Build | Farm |
| 12:42 | Build | Farm |
| 12:45 | Create | Villager (Male) |
| 12:53 | Build | Farm |
| 13:12 | Create | Villager (Male) |
| 13:14 | Build | Farm |
| 13:38 | Create | Villager (Male) |
| 13:41 | Build | Farm |
| 14:16 | Research | Castle Age |
| 14:16 | Research | Castle Age |
| 14:47 | Build | House |
| 14:48 | Build | House |
| 14:49 | Build | House |
| 14:50 | Build | House |
| 14:51 | Build | House |
| 14:58 | Build | Farm |
| 15:01 | Build | Farm |
| 15:11 | Build | Farm |
| 15:24 | Build | Farm |
| 15:51 | Research | Double-Bit Axe |
| 15:57 | Research | Horse Collar |
| 16:32 | Build | Farm |
| 16:35 | Build | Farm |
| 16:56 | Age | Castle Age |
| 16:57 | Create | Villager (Male) |
| 16:58 | Create | Villager (Male) |
| 17:03 | Research | Bow Saw |
| 17:33 | Create | Villager (Male) |
| 18:00 | Build | Town Center |
| 18:03 | Create | Villager (Male) |
| 18:03 | Create | Villager (Male) |
| 18:25 | Create | Villager (Male) |
| 18:56 | Build | Town Center |
| 19:00 | Create | Villager (Male) |
| 19:29 | Create | Villager (Male) |
| 19:43 | Create | Villager (Male) |
| 19:43 | Create | Villager (Male) |
| 19:55 | Create | Villager (Male) |
| 20:01 | Research | Gold Mining |
| 20:03 | Research | Stone Mining |
| 20:21 | Create | Villager (Male) |
| 20:22 | Create | Villager (Male) |
| 20:31 | Create | Villager (Male) |
| 20:34 | Create | Villager (Male) |
| 20:41 | Research | Heavy Plow |
| 20:56 | Create | Villager (Male) |
| 20:57 | Create | Villager (Male) |
| 20:58 | Create | Villager (Male) |
| 21:11 | Create | Villager (Male) |
| 21:13 | Create | Villager (Male) |
| 21:15 | Create | Villager (Male) |
| 21:23 | Build | Town Center |
| 21:28 | Create | Villager (Male) |
| 21:29 | Create | Villager (Male) |
| 21:30 | Create | Villager (Male) |
| 21:39 | Build | Farm |
| 21:52 | Create | Villager (Male) |
| 21:53 | Create | Villager (Male) |
| 21:54 | Create | Villager (Male) |
| 21:57 | Build | Farm |
| 22:17 | Create | Villager (Male) |
| 22:18 | Create | Villager (Male) |
| 22:20 | Create | Villager (Male) |
| 22:22 | Build | Farm |
| 22:34 | Build | University |
| 22:41 | Create | Villager (Male) |
| 22:42 | Create | Villager (Male) |
| 22:44 | Create | Villager (Male) |
| 22:46 | Build | Farm |
| 22:50 | Build | Farm |
| 23:08 | Build | Farm |
| 23:12 | Build | Farm |
| 23:18 | Create | Villager (Male) |
| 23:20 | Create | Villager (Male) |
| 23:21 | Create | Villager (Male) |
| 23:22 | Create | Villager (Male) |
| 23:39 | Create | Villager (Male) |
| 23:41 | Create | Villager (Male) |
| 23:43 | Create | Villager (Male) |
| 23:44 | Create | Villager (Male) |
| 23:51 | Build | Monastery |
| 24:01 | Build | Farm |
| 24:05 | Build | Farm |
| 24:08 | Create | Villager (Male) |
| 24:10 | Create | Villager (Male) |
| 24:11 | Create | Villager (Male) |
| 24:12 | Create | Villager (Male) |
| 24:26 | Build | House |
| 24:28 | Build | House |
| 24:30 | Build | House |
| 24:31 | Build | House |
| 24:36 | Research | Wheelbarrow |
| 24:40 | Research | Loom |
| 24:43 | Research | Town Watch |
| 24:46 | Build | Farm |
Build order — betaxy
First 150 of 304 actions detected
| 0:01 | Create | Villager (Male) |
| 0:01 | Create | Villager (Male) |
| 0:01 | Create | Villager (Male) |
| 0:01 | Create | Villager (Male) |
| 0:02 | Create | Villager (Male) |
| 0:03 | Build | House |
| 0:07 | Build | House |
| 1:32 | Create | Villager (Male) |
| 1:33 | Create | Villager (Male) |
| 1:33 | Create | Villager (Male) |
| 1:47 | Build | Lumber Camp |
| 1:55 | Create | Villager (Male) |
| 1:55 | Create | Villager (Male) |
| 2:16 | Create | Villager (Male) |
| 2:16 | Create | Villager (Male) |
| 2:42 | Create | Villager (Male) |
| 2:42 | Create | Villager (Male) |
| 3:28 | Build | House |
| 3:45 | Create | Villager (Male) |
| 3:46 | Create | Villager (Male) |
| 4:15 | Create | Villager (Male) |
| 4:15 | Create | Villager (Male) |
| 4:16 | Create | Villager (Male) |
| 4:17 | Create | Villager (Male) |
| 4:46 | Build | Mill |
| 5:05 | Create | Villager (Male) |
| 5:05 | Create | Villager (Male) |
| 5:25 | Create | Villager (Male) |
| 5:26 | Create | Villager (Male) |
| 5:26 | Create | Villager (Male) |
| 5:26 | Create | Villager (Male) |
| 6:51 | Build | House |
| 7:03 | Create | Villager (Male) |
| 7:03 | Create | Villager (Male) |
| 7:17 | Build | House |
| 7:35 | Create | Villager (Male) |
| 7:53 | Build | House |
| 7:57 | Create | Villager (Male) |
| 8:29 | Research | Feudal Age |
| 9:15 | Build | Mining Camp |
| 10:08 | Create | Villager (Male) |
| 10:08 | Create | Villager (Male) |
| 11:38 | Age | Feudal Age |
| 11:44 | Build | Blacksmith |
| 11:49 | Build | Market |
| 12:20 | Create | Villager (Male) |
| 13:13 | Research | Castle Age |
| 13:57 | Research | Horse Collar |
| 14:26 | Build | Farm |
| 14:26 | Build | Farm |
| 14:26 | Build | Farm |
| 14:27 | Build | Farm |
| 14:27 | Build | Farm |
| 14:27 | Build | Farm |
| 14:27 | Build | Farm |
| 14:27 | Build | Farm |
| 14:28 | Build | Farm |
| 14:28 | Build | Farm |
| 14:28 | Build | Farm |
| 15:41 | Research | Double-Bit Axe |
| 15:53 | Age | Castle Age |
| 16:03 | Build | Town Center |
| 16:07 | Create | Villager (Male) |
| 16:08 | Create | Villager (Male) |
| 16:26 | Create | Villager (Male) |
| 17:05 | Build | Monastery |
| 17:11 | Create | Villager (Male) |
| 17:11 | Create | Villager (Male) |
| 17:11 | Create | Villager (Male) |
| 17:12 | Create | Villager (Male) |
| 17:30 | Build | House |
| 17:36 | Build | House |
| 17:37 | Build | House |
| 17:43 | Create | Villager (Male) |
| 17:44 | Create | Villager (Male) |
| 17:44 | Create | Villager (Male) |
| 17:58 | Build | Farm |
| 17:58 | Build | Farm |
| 17:59 | Build | Farm |
| 17:59 | Build | Farm |
| 17:59 | Build | Farm |
| 18:08 | Create | Monk |
| 18:18 | Create | Villager (Male) |
| 18:26 | Create | Villager (Male) |
| 18:45 | Build | Barracks |
| 18:58 | Create | Villager (Male) |
| 18:58 | Create | Villager (Male) |
| 18:58 | Create | Villager (Male) |
| 19:17 | Build | Farm |
| 19:20 | Create | Villager (Male) |
| 19:23 | Create | Villager (Male) |
| 19:35 | Create | Villager (Male) |
| 20:18 | Build | House |
| 20:29 | Create | Villager (Male) |
| 20:29 | Create | Villager (Male) |
| 20:29 | Create | Villager (Male) |
| 20:32 | Create | Villager (Male) |
| 20:33 | Create | Villager (Male) |
| 20:44 | Build | Town Center |
| 20:49 | Create | Villager (Male) |
| 20:55 | Build | House |
| 21:26 | Build | House |
| 21:31 | Build | House |
| 21:37 | Build | House |
| 21:38 | Build | House |
| 21:38 | Build | House |
| 21:41 | Create | Villager (Male) |
| 21:44 | Create | Villager (Male) |
| 21:44 | Create | Villager (Male) |
| 21:45 | Create | Villager (Male) |
| 21:46 | Research | Wheelbarrow |
| 22:10 | Research | Bow Saw |
| 22:16 | Build | House |
| 22:24 | Create | Villager (Male) |
| 22:36 | Create | Spearman |
| 22:46 | Create | Villager (Male) |
| 22:50 | Create | Villager (Male) |
| 22:52 | Create | Villager (Male) |
| 22:52 | Create | Villager (Male) |
| 23:00 | Build | Farm |
| 23:00 | Build | Farm |
| 23:01 | Build | Farm |
| 23:01 | Build | Farm |
| 23:01 | Build | Farm |
| 23:01 | Build | Farm |
| 23:02 | Build | Farm |
| 23:02 | Build | Farm |
| 23:09 | Build | House |
| 23:26 | Build | House |
| 23:30 | Build | House |
| 23:31 | Build | House |
| 23:35 | Research | Fletching |
| 23:36 | Research | Padded Archer Armor |
| 23:55 | Build | Town Center |
| 24:02 | Create | Villager (Male) |
| 24:16 | Build | Castle |
| 24:24 | Create | Villager (Male) |
| 24:26 | Create | Villager (Male) |
| 24:26 | Create | Villager (Male) |
| 24:27 | Create | Villager (Male) |
| 24:31 | Create | Villager (Male) |
| 24:31 | Create | Villager (Male) |
| 24:55 | Build | Archery Range |
| 24:56 | Build | Archery Range |
| 24:57 | Build | Archery Range |
| 24:59 | Build | Archery Range |
| 25:18 | Build | House |
| 25:32 | Research | Bodkin Arrow |
| 25:32 | Research | Leather Archer Armor |
| 25:39 | Create | Villager (Male) |
Build order — enano sin telar
First 150 of 377 actions detected
| 0:01 | Create | Villager (Male) ×4 |
| 0:03 | Build | House |
| 0:04 | Build | House |
| 1:31 | Create | Villager (Male) |
| 1:31 | Create | Villager (Male) |
| 1:31 | Create | Villager (Male) |
| 2:06 | Create | Villager (Male) |
| 2:07 | Create | Villager (Male) |
| 2:12 | Create | Villager (Male) |
| 2:18 | Build | Lumber Camp |
| 2:57 | Create | Villager (Male) |
| 2:57 | Create | Villager (Male) |
| 2:57 | Create | Villager (Male) |
| 2:58 | Create | Villager (Male) |
| 3:48 | Build | House |
| 4:03 | Create | Villager (Male) |
| 4:04 | Create | Villager (Male) |
| 4:05 | Create | Villager (Male) |
| 4:06 | Create | Villager (Male) |
| 4:06 | Create | Villager (Male) |
| 4:34 | Build | House |
| 4:57 | Create | Villager (Male) |
| 4:57 | Create | Villager (Male) |
| 4:58 | Create | Villager (Male) |
| 5:05 | Build | House |
| 5:30 | Build | Mill |
| 5:57 | Create | Villager (Male) |
| 5:57 | Create | Villager (Male) |
| 6:01 | Create | Villager (Male) |
| 6:11 | Create | Villager (Male) |
| 6:12 | Create | Villager (Male) |
| 6:12 | Create | Villager (Male) |
| 6:35 | Create | Villager (Male) |
| 6:40 | Build | Farm |
| 6:42 | Build | Farm |
| 6:49 | Create | Villager (Male) |
| 7:14 | Create | Villager (Male) |
| 8:03 | Build | Mining Camp |
| 8:22 | Research | Feudal Age |
| 9:33 | Create | Villager (Male) |
| 9:33 | Create | Villager (Male) |
| 9:51 | Create | Villager (Male) |
| 10:49 | Age | Feudal Age |
| 10:50 | Build | Market |
| 10:53 | Build | Blacksmith |
| 11:39 | Research | Castle Age |
| 11:39 | Research | Castle Age |
| 11:46 | Research | Horse Collar |
| 11:47 | Research | Double-Bit Axe |
| 12:20 | Build | Farm |
| 12:21 | Build | Farm |
| 12:24 | Build | Farm |
| 12:25 | Build | Farm |
| 12:39 | Build | Farm |
| 12:53 | Create | Villager (Male) |
| 13:34 | Create | Villager (Male) |
| 14:19 | Age | Castle Age |
| 14:20 | Build | Town Center |
| 14:33 | Build | Town Center |
| 14:35 | Create | Villager (Male) |
| 14:42 | Research | Bow Saw |
| 14:55 | Research | Heavy Plow |
| 14:57 | Create | Villager (Male) |
| 15:27 | Build | Farm |
| 15:28 | Build | Farm |
| 15:32 | Create | Villager (Male) |
| 15:43 | Build | Farm |
| 15:51 | Build | Farm |
| 15:52 | Create | Villager (Male) |
| 16:20 | Build | Farm |
| 16:27 | Create | Villager (Male) |
| 16:27 | Create | Villager (Male) |
| 16:27 | Create | Villager (Male) |
| 16:28 | Create | Villager (Male) |
| 16:31 | Build | Farm |
| 16:33 | Build | Farm |
| 16:36 | Create | Villager (Male) |
| 16:36 | Create | Villager (Male) |
| 16:36 | Create | Villager (Male) |
| 16:36 | Create | Villager (Male) |
| 16:37 | Create | Villager (Male) |
| 16:39 | Build | Farm |
| 16:40 | Create | Villager (Male) |
| 16:40 | Create | Villager (Male) |
| 16:40 | Create | Villager (Male) |
| 16:58 | Build | Farm |
| 16:58 | Build | Farm |
| 16:58 | Build | Farm |
| 17:06 | Create | Villager (Male) |
| 17:10 | Create | Villager (Male) |
| 17:11 | Create | Villager (Male) |
| 17:21 | Build | House |
| 17:34 | Build | Monastery |
| 17:36 | Build | House |
| 17:36 | Build | House |
| 17:38 | Create | Villager (Male) |
| 17:44 | Build | House |
| 17:51 | Build | Farm |
| 17:55 | Build | Farm |
| 17:57 | Create | Villager (Male) |
| 18:05 | Create | Villager (Male) |
| 18:09 | Create | Villager (Male) |
| 18:21 | Build | Farm |
| 18:22 | Create | Villager (Male) |
| 18:28 | Build | Farm |
| 18:29 | Build | Farm |
| 18:30 | Build | Farm |
| 18:31 | Create | Monk |
| 18:46 | Create | Villager (Male) |
| 18:48 | Build | Farm |
| 18:54 | Build | Farm |
| 18:59 | Create | Villager (Male) |
| 18:59 | Create | Villager (Male) |
| 19:02 | Build | Farm |
| 19:06 | Build | Farm |
| 19:15 | Build | House |
| 19:16 | Build | House |
| 19:17 | Create | Villager (Male) |
| 19:18 | Create | Villager (Male) |
| 19:18 | Create | Villager (Male) |
| 19:21 | Create | Villager (Male) |
| 19:24 | Build | Farm |
| 19:25 | Build | Farm |
| 19:31 | Create | Villager (Male) |
| 19:32 | Create | Villager (Male) |
| 19:32 | Create | Villager (Male) |
| 19:32 | Create | Villager (Male) |
| 19:35 | Build | Mining Camp |
| 19:44 | Build | Farm |
| 19:45 | Create | Villager (Male) |
| 19:45 | Create | Villager (Male) |
| 19:56 | Build | Farm |
| 19:57 | Create | Villager (Male) |
| 19:59 | Create | Villager (Male) |
| 20:03 | Create | Villager (Male) |
| 20:08 | Build | Farm |
| 20:15 | Create | Villager (Male) |
| 20:35 | Create | Villager (Male) |
| 20:36 | Create | Villager (Male) |
| 20:36 | Create | Villager (Male) |
| 20:41 | Build | Farm |
| 20:45 | Create | Villager (Male) |
| 20:53 | Build | House |
| 21:03 | Research | Wheelbarrow |
| 21:06 | Build | Farm |
| 21:14 | Build | Stone Wall |
| 21:25 | Build | University |
| 21:36 | Build | Outpost |
| 21:38 | Create | Villager (Male) |
| 22:01 | Build | Lumber Camp |
Match timeline
| 9:35 | Huge.Master · age_up feudal |
| 10:49 | enano sin telar · age_up feudal |
| 10:49 | realzer0 · age_up feudal |
| 11:17 | A. Government · age_up feudal |
| 11:27 | EL CONDOR PASA MODO GOTY · age_up feudal |
| 11:38 | betaxy · age_up feudal |
| 12:58 | A. Government · first_market_buy 100 food |
| 13:00 | A. Government · first_market_sell 100 wood |
| 13:06 | betaxy · first_market_sell 100 wood |
| 13:07 | betaxy · first_market_buy 100 food |
| 14:19 | enano sin telar · age_up castle |
| 14:47 | enano sin telar · first_market_buy 100 wood |
| 14:53 | realzer0 · age_up castle |
| 15:44 | A. Government · age_up castle |
| 15:50 | Huge.Master · age_up castle |
| 15:53 | betaxy · age_up castle |
| 16:22 | realzer0 · first_building Monastery |
| 16:56 | EL CONDOR PASA MODO GOTY · age_up castle |
| 17:05 | betaxy · first_building Monastery |
| 17:34 | enano sin telar · first_building Monastery |
| 18:45 | betaxy · first_building Barracks |
| 21:14 | enano sin telar · wall_segment Stone Wall x4 |
| 21:16 | A. Government · first_building Barracks |
| 22:35 | realzer0 · first_building Barracks |
| 22:43 | Huge.Master · first_building Castle |
| 22:43 | enano sin telar · first_market_sell 100 wood |
| 23:12 | enano sin telar · first_building Castle |
| 23:37 | enano sin telar · first_building Barracks |
| 23:40 | realzer0 · first_building Archery Range |
| 23:51 | EL CONDOR PASA MODO GOTY · first_building Monastery |
| 24:02 | A. Government · first_building Monastery |
| 24:16 | betaxy · first_building Castle |
| 24:55 | betaxy · first_building Archery Range |
| 25:09 | enano sin telar · wall_segment Palisade Wall x1 |
| 25:10 | enano sin telar · wall_segment Palisade Wall x1 |
| 25:12 | enano sin telar · wall_segment Palisade Wall x1 |
| 25:15 | enano sin telar · wall_segment Palisade Wall x1 |
| 25:18 | enano sin telar · wall_segment Palisade Wall x1 |
| 25:21 | A. Government · first_building Castle |
| 25:27 | A. Government · first_building Archery Range |
| 25:27 | enano sin telar · wall_segment Palisade Wall x1 |
| 26:05 | EL CONDOR PASA MODO GOTY · first_building Barracks |
| 26:10 | enano sin telar · age_up imperial |
| 26:54 | realzer0 · first_building Siege Workshop |
| 27:01 | EL CONDOR PASA MODO GOTY · first_building Stable |
| 27:09 | EL CONDOR PASA MODO GOTY · first_market_buy 100 food |
| 27:47 | A. Government · first_building Siege Workshop |
| 28:25 | betaxy · first_building Siege Workshop |
| 29:43 | EL CONDOR PASA MODO GOTY · first_building Castle |
| 29:55 | A. Government · age_up imperial |
| 30:20 | Huge.Master · age_up imperial |
| 30:20 | EL CONDOR PASA MODO GOTY · first_building Archery Range |
| 30:27 | EL CONDOR PASA MODO GOTY · age_up imperial |
| 30:39 | realzer0 · first_market_sell 100 food |
| 32:25 | Huge.Master · first_building Barracks |
| 32:42 | EL CONDOR PASA MODO GOTY · first_building Siege Workshop |
| 33:05 | betaxy · wall_segment Palisade Wall x1 |
| 33:24 | Huge.Master · first_building Stable |
| 33:33 | realzer0 · first_building Castle |
| 33:54 | realzer0 · age_up imperial |
| 35:56 | Huge.Master · first_building Siege Workshop |
| 38:03 | A. Government · resign |
[ AI ANALYSIS · 1 CREDIT ]
What really happened in this match?
Wolo.gg analyzes every decision: build order, eco, micro, common mistakes by bracket. Personalized analysis on WhatsApp or Discord in 30 seconds.
Civ guide
Britons
Map guide
Arena
Perfil
Jugador #23967602